 Dungeon Crawl Stone Soup version 0.24-b1 (webtiles) character file.

Game seed: 9884146508307019766, levelgen mode: deterministic

48503 Peloso the Fencer (level 14, -10/127 HPs)
             Began as a Minotaur Fighter on Oct 13, 2019.
             Was the Champion of Okawaru.
             Killed from afar by Jorgrun (64 damage)
             ... with an iron shot
             ... on level 1 of the Orcish Mines.
             The game lasted 00:48:00 (17233 turns).

Peloso the Fencer (Minotaur Fighter)               Turns: 17233, Time: 00:48:01

Health: -10/127    AC: 20    Str: 32    XL:     14   Next: 12%
Magic:  14/14      EV: 13    Int:  5    God:    Okawaru [******]
Gold:   1159       SH: 11    Dex: 19    Spells: 13/13 levels left

rFire    . . .     SeeInvis .   a - +3 demon blade (elec)
rCold    . . .     Gourm    .   c - +3 warlock's mirror {reflect}
rNeg     . . .     Faith    .   E - +1 shadow dragon scales
rPois    .         Spirit   .   i - +1 hat
rElec    .         Reflect  +   A - +1 cloak "Zajufuh" {Dex+7}
rCorr    .         Harm     .   (no gloves)
MR       +....                  (no boots)
Stlth    +++++.....             p - amulet of regeneration
HPRegen  0.71/turn              P - +4 ring of strength
MPRegen  0.14/turn              H - +4 ring of strength

@: no status effects
A: retaliatory headbutt, horns 2
a: Heroism, Finesse, Renounce Religion


You were on level 1 of the Orcish Mines.
You worshipped Okawaru.
Okawaru was exalted by your worship.
You were not hungry.

You visited 4 branches of the dungeon, and saw 19 of its levels.

You collected 1377 gold pieces.
You spent 218 gold pieces at shops.

Inventory:

Hand Weapons
 a - a +3 demon blade of electrocution (weapon)
Armour
 b - a +0 plate armour
 c - the +3 warlock's mirror (worn) {reflect}
   (You found it on level 7 of the Dungeon)
 i - a +1 hat (worn)
 l - a +0 cloak of poison resistance
 m - a scarf of resistance
 A - the +1 cloak "Zajufuh" (worn) {Dex+7}
   (You bought it in a shop on level 6 of the Dungeon)

   It affects your dexterity (+7).
 E - +1 shadow dragon scales (worn)
Jewellery
 n - an uncursed ring of flight
 p - an amulet of regeneration (around neck)
 F - an uncursed ring of protection from fire
 H - a +4 ring of strength (right hand)
 P - a +4 ring of strength (left hand)
Scrolls
 e - 7 scrolls of teleportation
 h - a scroll of amnesia
 o - 3 scrolls of fog {unknown}
 r - 2 scrolls of identify
 t - 2 scrolls of magic mapping
 u - 2 scrolls of random uselessness {unknown}
 y - a scroll of acquirement {unknown}
 z - 4 scrolls of fear
 D - 2 scrolls of blinking
 I - 5 scrolls of remove curse
 K - a scroll of noise {unknown}
 V - a scroll of enchant armour {unknown}
Potions
 d - 4 potions of might
 g - 2 potions of berserk rage
 j - 4 potions of agility
 k - 2 potions of haste
 q - 8 potions of curing
 x - 4 potions of flight
 B - a potion of ambrosia {unknown}
 L - a potion of resistance {unknown}
 M - 4 potions of mutation {unknown}
 N - 3 potions of heal wounds {unknown}
 O - 4 potions of degeneration {unknown}
 Q - 3 potions of brilliance {unknown}
 X - a potion of invisibility {unknown}
Comestibles
 f - 30 rations


   Skills:
 + Level 12.8 Fighting
 + Level 15.8 Long Blades
 + Level 12.6 Armour
 + Level 5.3 Dodging
 + Level 6.9 Stealth
 + Level 13.6 Shields
 + Level 2.5 Invocations


You had 13 spell levels left.
You didn't know any spells.
Your spell library contained the following spells:

 Spells                   Type           Power        Failure   Level  Hunger
 Shock                    Conj/Air       #...         87%         1    ##.....
 Swiftness                Chrm/Air       #.......     95%         2    ###....
 Static Discharge         Conj/Air       #.......     99%         3    ####...
 Airstrike                Air            #.........   100%        4    #####..
 Bolt of Magma            Conj/Fire/Erth #.........   100%        5    ######.
 Iskenderun's Battlesphe  Conj/Chrm      #.......     100%        5    ######.
 Lightning Bolt           Conj/Air       #.........   100%        5    ######.
 Venom Bolt               Conj/Pois      #.........   100%        5    ######.
 Iron Shot                Conj/Erth      #.........   100%        6    #######
 Orb of Destruction       Conj           #.........   100%        7    #######
 Spellforged Servitor     Conj/Summ      #.........   100%        7    #######


Dungeon Overview and Level Annotations

Branches:
Dungeon (14/15)            Temple (1/1) D:5            Lair (3/6) D:9
 Shoals (0/4) Lair:2       Spider (0/4) Lair:3          Orc (1/2) D:12
 Vaults (0/5) D:13

Altars:
Cheibriados
Elyvilon
Fedhas
Hepliaklqana
Kikubaaqudgha
Makhleb
Nemelex Xobeh
Okawaru
Qazlal
Ru
Sif Muna
Trog
Vehumet
Wu Jian
Xom
Yredelemnul
Zin
The Shining One

Shops:
D:6 [   D:7 *   D:8 (   D:11 *   Orc:1 [

Annotations:
Orc:1 Jorgrun


Innate Abilities, Weirdness & Mutations

You reflexively headbutt those who attack you in melee.
You have a pair of horns on your head.


Message History

You slash the orc!
You kill the orc!
You block the orc warrior's attack.
You see here a +0 club.
The orc warrior hits you but does no damage.
You completely miss the orc warrior. Your headbutt misses the orc warrior.
You block the orc warrior's attack.
You slice the orc warrior!!
You headbutt the orc warrior, but do no damage.
The orc warrior is severely wounded.
You hit the orc warrior but do no damage.
Lightning courses through the orc warrior!
You kill the orc warrior!
Okawaru accepts your kill.
You hear a grinding noise.
You see here a +0 club.
Jorgrun gestures at you while chanting. The iron shot hits you!!!
Ouch! That really hurt!
You die...

....... ...... ##.....##
#....### #.......##
###......#
###........###....#...##
#.....#....##.....##....
#.........###......#.#
##.....###..#.......##
#...))..g....#......)#
#....@........#.#..#.#
##...).)......###...∩.
#.....#....##....##..#.#
###...#.........####....
#.....#.#...### ###..
###...###...# ##. #####
#...# .#.. ##### ....
#...#


You could see Jorgrun.

Vanquished Creatures
  Snorg (D:12)
  Josephine (D:12)
  Erolcha (D:12)
  4 vault guards (D:13)
  4 hydras
  A centaur warrior (D:14)
  6 two-headed ogres
  3 death yaks (D:9)
  A tengu warrior (D:13)
  Urug (D:13)
  Sonja (Lair:2)
  3 skeletal warriors (D:12)
  An unseen horror (D:14)
  A sea snake (shapeshifter) (D:14)
  A wolf spider zombie (D:13)
  Pikel (D:3)
  An orc knight (Orc:1)
  A deep elf mage (D:14)
  2 orc sorcerers (Orc:1)
  2 cyclopes
  10 ugly things
  A manticore (D:12)
  2 centaur zombies
  A black mamba (shapeshifter) (D:14)
  2 gargoyles
  3 spiny frogs
  A kobold demonologist (D:14)
  A yaktaur (D:13)
  A komodo dragon (Lair:3)
  A freezing wraith (D:14)
  2 trolls
  2 hornets
  Grinder (D:4)
  Prince Ribbit (D:7)
  5 hippogriffs
  A centaur simulacrum (D:14)
  2 shadows
  6 wraiths
  A vampire (D:14)
  Eustachio (D:5)
  A wyvern (D:8)
  23 yaks
  2 basilisks
  2 steam dragons (D:8)
  A hungry ghost (D:7)
  6 vampire mosquitoes
  A soldier ant (D:11)
  7 water moccasins
  Menkaure (D:3)
  A warg (Orc:1)
  An acid dragon (D:12)
  2 porcupines
  10 orc warriors
  3 sky beasts
  6 ice beasts
  3 phantoms
  2 black bears (D:8)
  7 ogres
  19 centaurs
  A wolf (shapeshifter) (D:13)
  4 crocodiles
  10 bullfrogs
  6 big kobolds
  A water moccasin zombie (D:7)
  13 killer bees
  A water moccasin skeleton (D:7)
  4 scorpions
  7 wights
  3 howler monkeys
  5 crimson imps
  7 orc priests
  7 hounds
  2 jellies
  14 orc wizards
  Crazy Yiuf (D:2)
  2 bullfrog skeletons
  5 centaur skeletons
  6 iguanas
  A hell rat (D:9)
  11 worker ants
  2 hound skeletons
  A hound zombie (D:3)
  A howler monkey skeleton (D:6)
  8 gnolls
  13 adders
  6 shadow imps
  An ooze (D:1)
  An adder zombie (D:3)
  4 adder skeletons
  3 worms
  3 dart slugs
  4 leopard geckos
  47 orcs
  12 bats
  4 giant cockroaches
  12 goblins
  13 hobgoblins
  6 jackals
  6 quokkas
  2 ball pythons
  5 frilled lizards
  16 kobolds
  A leopard gecko zombie (D:5)
  A quokka skeleton (D:9)
  2 quokka zombies
  5 rats
  A fungus (Lair:2)
  A plant (Lair:1)
472 creatures vanquished.

Vanquished Creatures (others)
  A centaur (D:14)
  2 killer bees (D:8)
  5 orcs
  3 jackals (D:8)
  A kobold (D:12)
  9 fungi
21 creatures vanquished.

Grand Total: 493 creatures vanquished

Notes
Turn   | Place    | Note
-------+----------+-------------------------------------------
     0 | D:1      | Peloso the Minotaur Fighter began the quest for the Orb.
     0 | D:1      | Reached XP level 1. HP: 19/19 MP: 0/0
   171 | D:1      | Reached XP level 2. HP: 26/27 MP: 1/1
   460 | D:1      | Reached XP level 3. HP: 31/33 MP: 2/2
   568 | D:1      | Reached skill level 3 in Long Blades
  1007 | D:2      | Found a snail-covered altar of Cheibriados.
  1137 | D:2      | Reached XP level 4. HP: 13/40 MP: 3/3
  1483 | D:2      | Found a runed translucent door.
  1484 | D:2      | Noticed Crazy Yiuf
  1494 | D:2      | HP: 2/40 [Crazy Yiuf/+4 quarterstaff of chaos (1)]
  1497 | D:2      | Killed Crazy Yiuf
  1497 | D:2      | Reached skill level 4 in Long Blades
  1497 | D:2      | Reached XP level 5. HP: 3/46 MP: 4/4
  2312 | D:3      | Found a transporter.
  2329 | D:3      | Found a transporter.
  2329 | D:3      | Found a basalt altar of Yredelemnul.
  2333 | D:3      | Noticed Menkaure
  2339 | D:3      | Found an ancient bone altar of Kikubaaqudgha.
  2458 | D:3      | Reached skill level 5 in Shields
  2772 | D:4      | Noticed a slave
  2782 | D:4      | Noticed Pikel
  2787 | D:4      | Noticed a slave
  2811 | D:3      | Killed Pikel
  2811 | D:3      | Reached skill level 5 in Fighting
  2811 | D:3      | Reached skill level 6 in Long Blades
  2811 | D:3      | Reached skill level 5 in Armour
  2811 | D:3      | Reached skill level 1 in Dodging
  2811 | D:3      | Reached XP level 6. HP: 31/56 MP: 5/5
  2811 | D:3      | Reached XP level 7. HP: 34/61 MP: 6/6
  3043 | D:4      | Found a glowing golden altar of the Shining One.
  3182 | D:4      | Noticed Grinder
  3197 | D:4      | Killed Grinder
  3197 | D:4      | Reached skill level 7 in Long Blades
  3342 | D:4      | Reached XP level 8. HP: 70/70 MP: 7/7
  3668 | D:5      | Entered Level 5 of the Dungeon
  3765 | D:5      | Found a staircase to the Ecumenical Temple.
  3774 | Temple   | Entered the Ecumenical Temple
  3796 | Temple   | Became a worshipper of Warmaster Okawaru
  3870 | D:5      | Found a blossoming altar of Fedhas.
  4139 | D:5      | Noticed Eustachio
  4209 | D:5      | Killed Eustachio
  4209 | D:5      | Reached skill level 8 in Long Blades
  4619 | D:5      | Found a shimmering altar of Xom.
  4807 | D:6      | Found Nopseg's Antique Armour Boutique.
  4846 | D:5      | Reached * piety under Okawaru
  5107 | D:6      | Reached skill level 9 in Long Blades
  5107 | D:6      | Reached XP level 9. HP: 38/78 MP: 8/8
  5111 | D:6      | Reached skill level 1 in Stealth
  5538 | D:6      | Found a blossoming altar of Fedhas.
  5740 | D:3      | Killed Menkaure
  5987 | D:6      | Bought a spiked cloak for 218 gold pieces
  5999 | D:6      | Identified the +1 cloak "Zajufuh" {Dex+7} (You bought it in
                  | a shop on level 6 of the Dungeon)
  6156 | D:7      | Noticed Prince Ribbit
  6192 | D:7      | Reached ** piety under Okawaru
  6261 | D:7      | Noticed a two-headed ogre
  6264 | D:7      | Reached skill level 10 in Long Blades
  6275 | D:7      | Killed a two-headed ogre
  6275 | D:7      | Reached *** piety under Okawaru
  6382 | D:7      | Found the +3 warlock's mirror {reflect}
  6429 | D:7      | Reached XP level 10. HP: 73/86 MP: 6/9
  6672 | D:7      | Found a glowing silver altar of Zin.
  6736 | D:7      | Reached skill level 11 in Long Blades
  6756 | D:7      | Killed Prince Ribbit
  6789 | D:7      | Found Eckytuof's Assorted Antiques.
  6807 | D:7      | Found a hazy altar of Hepliaklqana.
  7101 | D:8      | Noticed a two-headed ogre
  7110 | D:8      | Killed a two-headed ogre
  7110 | D:8      | Reached **** piety under Okawaru
  7132 | D:8      | Found a bloodstained altar of Trog.
  7157 | D:8      | Reached skill level 10 in Shields
  7189 | D:8      | Found a radiant altar of Vehumet.
  7190 | D:8      | Found an ornate altar of the Wu Jian Council.
  7190 | D:8      | Found a burning altar of Makhleb.
  7219 | D:8      | Reached skill level 12 in Long Blades
  7668 | D:8      | Noticed a two-headed ogre
  7676 | D:8      | Killed a two-headed ogre
  7676 | D:8      | Reached ***** piety under Okawaru
  7719 | D:8      | Found Inoumuem's Antique Weapon Shop.
  7861 | D:8      | Reached XP level 11. HP: 95/95 MP: 10/10
  7900 | D:9      | Noticed a death yak
  7902 | D:9      | Found a staircase to the Lair.
  7902 | D:9      | Noticed a death yak
  7907 | D:9      | Noticed a death yak
  7918 | D:9      | Killed a death yak
  7922 | D:9      | Killed a death yak
  7927 | D:9      | Killed a death yak
  7927 | D:9      | Reached skill level 13 in Long Blades
  8174 | D:9      | Received a gift from Okawaru
  8678 | D:10     | Entered Level 10 of the Dungeon
  9162 | D:10     | Received a gift from Okawaru
  9220 | D:10     | Found a glowing golden altar of the Shining One.
  9445 | D:11     | Noticed a purple ugly thing
  9455 | D:11     | Killed a purple ugly thing
  9511 | D:11     | Found Mauguq's General Store.
  9793 | D:11     | Noticed a two-headed ogre
  9800 | D:11     | Killed a two-headed ogre
  9800 | D:11     | Reached skill level 14 in Long Blades
  9800 | D:11     | Reached XP level 12. HP: 98/105 MP: 11/11
 10160 | D:12     | Noticed Erolcha
 10166 | D:12     | Killed Erolcha
 10166 | D:12     | Reached ****** piety under Okawaru
 10166 | D:12     | Reached skill level 10 in Armour
 10236 | D:12     | Received a gift from Okawaru
 10252 | D:12     | Reached skill level 10 in Fighting
 10273 | D:12     | Received a gift from Okawaru
 10725 | D:12     | Received a gift from Okawaru
 10752 | D:12     | Noticed a five-headed hydra
 10761 | D:12     | Killed a nine-headed hydra
 10810 | D:12     | Noticed Josephine
 10822 | D:12     | Killed Josephine
 10938 | D:12     | Reached skill level 5 in Stealth
 11143 | D:12     | Found a staircase to the Orcish Mines.
 11158 | D:12     | Noticed Snorg
 11168 | D:12     | Killed Snorg
 11168 | D:12     | Reached skill level 1 in Invocations
 11310 | Lair:1   | Entered Level 1 of the Lair of Beasts
 11830 | Lair:2   | Noticed a six-headed hydra
 11843 | Lair:2   | Killed an 11-headed hydra
 11843 | Lair:2   | Reached skill level 15 in Long Blades
 12239 | Lair:2   | Found a staircase to the Shoals.
 12404 | Lair:2   | Noticed Sonja
 12414 | Lair:2   | Killed Sonja
 12414 | Lair:2   | Reached XP level 13. HP: 94/116 MP: 11/13
 12839 | Lair:3   | Received a gift from Okawaru
 13084 | Lair:3   | Got a fine chain mail
 13095 | Lair:3   | Identified the +5 chain mail of Mirth {-Tele MR++ Dex+2}
                  | (You found it on level 3 of the Lair of Beasts)
 13361 | Lair:3   | Found a hole to the Spider Nest.
 14028 | D:13     | Noticed Urug
 14044 | D:13     | Killed Urug
 14329 | D:13     | Found a gate to the Vaults.
 14613 | D:13     | Received a gift from Okawaru
 15516 | D:14     | Reached skill level 5 in Dodging
 15520 | D:14     | Received a gift from Okawaru
 16440 | D:14     | Reached XP level 14. HP: 97/127 MP: 14/14
 16913 | Orc:1    | Entered Level 1 of the Orcish Mines
 17163 | Orc:1    | Found Tecriopp's Antique Armour Emporium.
 17205 | Orc:1    | Noticed Jorgrun
 17233 | Orc:1    | Killed from afar by Jorgrun

Skill      XL: |  1  2  3  4  5  6  7  8  9 10 11 12 13 |
---------------+----------------------------------------+-----
Shields        | 4 6 8 9 10 11 12 13 | 13.6
Fighting       | 4 5 6 7 8 9 11 12 | 12.8
Armour         | 4 5 6 8 9 11 12 | 12.6
Long Blades    | 3 4 6 7 9 10 12 14 15 | 15.8
Dodging        | 1 2 3 4 5 |  5.3
Stealth        | 1 2 4 5 6 |  6.9
Invocations    | 1 2 |  2.5

Action                   |  1- 3 |  4- 6 |  7- 9 | 10-12 | 13-15 || total
-------------------------+-------+-------+-------+-------+-------++-------
Melee: Long sword        |    86 |   135 |   404 |     9 |       ||   634
       Headbutt          |    13 |    19 |    85 |   165 |   100 ||   382
       Demon blade       |       |       |       |   501 |   299 ||   800
Invok: Heroism           |       |       |     2 |     2 |     1 ||     5
       Finesse           |       |       |       |     2 |     1 ||     3
Evoke: Wand              |       |       |       |       |     1 ||     1
  Use: Scroll            |     4 |     2 |     2 |     6 |     1 ||    15
       Potion            |     1 |       |       |     1 |       ||     2
 Stab: Sleeping          |       |       |       |    24 |    15 ||    39
       Distracted        |       |       |       |     1 |       ||     1
       Petrifying        |       |       |       |       |     1 ||     1
  Eat: Chunk             |       |     3 |     9 |    16 |     9 ||    37
       Ration            |       |     1 |     1 |     1 |     2 ||     5
Armor: Scale mail        |    45 |    63 |    24 |       |       ||   132
       Plate armour      |       |       |   121 |       |       ||   121
       Shadow dragon sca |       |       |    34 |   185 |   109 ||   328
Dodge: Dodged            |    39 |    39 |    98 |   194 |   113 ||   483
Block: Shield            |    61 |    67 |   232 |     8 |       ||   368
       Buckler           |       |       |       |   235 |   155 ||   390
       Reflection        |       |       |       |    14 |    23 ||    37
       Rpst.: Long sword |    15 |    10 |    31 |       |       ||    56
       Demon blade       |       |       |       |    51 |    20 ||    71
